 Dungeon Crawl Stone Soup version 0.22-b1-21-g5cfc1688f2 (webtiles) character file.

11099 Pisosu the Basher (level 11, -14/99 HPs)
             Began as a Minotaur Fighter on Aug 6, 2018.
             Was an Elder of Trog.
             Demolished by a large slime creature (17 damage)
             ... on level 13 of the Dungeon.
             The game lasted 00:29:37 (8318 turns).

Pisosu the Basher (Minotaur Fighter)                Turns: 8318, Time: 00:29:37

Health: -14/99     AC: 13    Str: 25    XL:     11   Next: 44%
Magic:  10/10      EV: 10    Int:  5    God:    Trog [****..]
Gold:   675        SH: 13    Dex: 11    Spells: 10/10 levels left

rFire    . . .     SeeInvis .   a - +0 flail
rCold    . . .     Gourm    .   c - +0 shield
rNeg     . . .     Faith    .   P - +1 ring mail of Duty {MR++} (curse)
rPois    .         Spirit   .   (helmet restricted)
rElec    .         Reflect  .   q - +2 cloak
rCorr    +         Harm     .   H - +0 pair of gloves
MR       ++++.                  (no boots)
Stlth    +.........             g - amulet of regeneration
HPRegen  1.66/turn              R - ring of resist corrosion
MPRegen  0.12/turn              I - +2 ring of strength

@: lethally poisoned (-14 -> -15), about to teleport, regenerating
A: retaliatory headbutt, horns 2
a: Berserk, Trog's Hand, Brothers in Arms, Renounce Religion


You were on level 13 of the Dungeon.
You worshipped Trog.
Trog was greatly pleased with you.
You were near starving.

You visited 2 branches of the dungeon, and saw 14 of its levels.

You collected 675 gold pieces.

Inventory:

Hand Weapons
 a - a +0 flail (weapon)
Missiles
 C - 17 tomahawks (quivered)
 K - 2 throwing nets
Armour
 c - a +0 shield (worn)
 q - a +2 cloak (worn)
 H - a +0 pair of gloves (worn)
 O - a +0 plate armour
 P - the cursed +1 ring mail of Duty (worn) {MR++}
   (You found it on level 12 of the Dungeon)

   It affects your resistance to hostile enchantments.
   It has a curse placed upon it.
 Q - a +1 scale mail of cold resistance
 S - a +0 troll leather armour
Jewellery
 d - an uncursed ring of flight
 g - an amulet of regeneration (around neck)
 u - a +2 ring of dexterity
 I - a +2 ring of strength (right hand)
 R - a ring of resist corrosion (left hand)
Wands
 i - a wand of acid (11)
 l - a wand of polymorph (16)
 p - a wand of flame (72)
 D - a wand of paralysis (15)
 G - a wand of disintegration (4)
Scrolls
 e - 6 scrolls of teleportation
 h - 6 scrolls of remove curse
 j - 2 scrolls of random uselessness {unknown}
 n - a scroll of immolation {unknown}
 o - 5 scrolls of enchant weapon {unknown}
 r - 2 scrolls of enchant armour {unknown}
 s - 6 scrolls of identify
 t - 2 scrolls of blinking {unknown}
 y - 2 scrolls of fog {unknown}
 z - 3 scrolls of fear {unknown}
 E - a scroll of brand weapon {unknown}
 J - a scroll of magic mapping {unknown}
 L - a scroll of amnesia {unknown}
Potions
 k - 2 potions of cancellation {unknown}
 m - a potion of agility
 v - 2 potions of curing
 w - 4 potions of flight
 x - 2 potions of invisibility {unknown}
 A - 2 potions of berserk rage {unknown}
 B - 2 potions of brilliance {unknown}
 F - a potion of haste {unknown}
 M - 2 potions of degeneration {unknown}
 N - a potion of mutation {unknown}
Comestibles
 b - 11 chunks of flesh
 f - 19 rations


   Skills:
 + Level 9.9 Fighting
 + Level 12.8 Maces & Flails
 + Level 9.7 Armour
 + Level 12.1 Shields
 + Level 1.0 Evocations


You had 10 spell levels left.
You didn't know any spells.
Your spell library was empty.

Dungeon Overview and Level Annotations

Branches:
Dungeon (13/15)            Temple (1/1) D:5
   Lair: D:8-11         Orc: D:9-12      Vaults: D:13-14

Altars:
Ashenzari
Cheibriados
Dithmenos
Elyvilon
Fedhas
Gozag
Hepliaklqana
Kikubaaqudgha
Nemelex Xobeh
Okawaru
Ru
Sif Muna
Trog
Uskayaw
Vehumet
Xom
Yredelemnul
Zin
The Shining One

Shops:
D:6 *   D:10 :

Portals:
Trove: D:13 (give +6 demon blade)

Annotations:
D:10 2 runed doors
D:13 1 transporter, Kiarafiw's ghost, journeyman MiBe


Innate Abilities, Weirdness & Mutations

You reflexively headbutt those who attack you in melee.
You have a pair of horns on your head.


Message History

The large slime creature hits you!!
* * * LOW HITPOINT WARNING * * *
You block the killer bee's attack.
A slime creature comes into view.
As you read the scroll of teleportation, it crumbles to dust.
You feel strangely unstable. You block the killer bee's attack.
You block the large slime creature's attack.
The killer bee stings you but does no damage.
Your skin crawls.
You feel resistant to hostile enchantments.
You feel somewhat more hungry.
The killer bee stings you but does no damage.
The killer bee stings you!
* * * LOW HITPOINT WARNING * * *
You are poisoned.
The killer bee poisons you! The large slime creature hits you!
* * * LOW HITPOINT WARNING * * *
You miss the killer bee. Your headbutt misses the killer bee.
You feel sick. The killer bee misses you. The large slime creature hits you!
You die...

#.#######))......##.####.......y.
#.# #.....#.∩....(.(..........yW.
#.###................###.........
...##.....##.#.####.((...y.......
..........##...# ##)#..yy.......
........####.### ##)##..........
.............# #.[()..........
.........##########.#))..........
..#.#....# #.J@yyy#............
............J..######............
.###.#......## #####.......# ##
#.#.###. ##...<.## #.>. .J
##...## ... .. ## <#


You could see a large slime creature, a slime creature and 3 killer bees.

Vanquished Creatures
  Snorg (D:12)
  Harold (D:11)
  Erica (D:8)
  A two-headed ogre (D:12)
  A kobold demonologist (D:11)
  2 trolls (D:13)
  2 slime creatures (D:13)
  A hippogriff (D:8)
  Sigmund (D:4)
  A wyvern (D:13)
  5 yaks (D:10)
  4 vampire mosquitoes (D:12)
  Menkaure (D:4)
  An acid dragon (D:13)
  A soldier ant (D:12)
  3 sky beasts
  2 ice beasts (D:8)
  10 orc warriors
  A black bear (D:10)
  2 ogres
  An eye of draining (D:12)
  2 phantoms
  7 centaurs
  A crocodile (D:11)
  A bullfrog (D:7)
  Blork the orc (D:4)
  A water moccasin zombie (D:7)
  4 scorpions
  A killer bee (D:13)
  9 wights
  An electric eel (D:11)
  4 crimson imps
  A bullfrog zombie (D:12)
  2 quasits
  5 hounds
  6 orc priests
  5 jellies
  10 orc wizards
  2 bullfrog skeletons
  3 iguanas
  9 worker ants
  2 killer bee zombies
  A hound zombie (D:6)
  3 hound skeletons
  Robin (D:2)
  10 gnolls
  8 adders
  2 shadow imps
  4 oozes (D:1)
  An adder skeleton (D:6)
  A worm (D:5)
  A dart slug (D:1)
  5 leopard geckos
  59 orcs
  4 ball pythons (D:4)
  6 bats
  7 giant cockroaches
  19 goblins
  7 hobgoblins
  21 jackals
  4 quokkas
  3 frilled lizards
  9 kobolds
  A quokka skeleton (D:6)
  A quokka zombie (D:7)
  10 rats
308 creatures vanquished.

Notes
Turn   | Place    | Note
-------+----------+-------------------------------------------
     0 | D:1      | Pisosu the Minotaur Fighter began the quest for the Orb.
     0 | D:1      | Reached XP level 1. HP: 19/19 MP: 0/0
    50 | D:1      | Reached XP level 2. HP: 19/27 MP: 1/1
   223 | D:1      | Found a shattered altar of Ashenzari.
   277 | D:1      | Reached XP level 3. HP: 30/33 MP: 2/2
   642 | D:2      | Noticed Robin
   669 | D:2      | Killed Robin
   670 | D:2      | Reached XP level 4. HP: 17/41 MP: 3/3
   950 | D:2      | Found a hide-covered altar of Uskayaw.
  1482 | D:3      | Reached XP level 5. HP: 47/47 MP: 4/4
  2177 | D:4      | Noticed Sigmund
  2212 | D:4      | Noticed Blork the orc
  2238 | D:4      | Killed Blork the orc
  2238 | D:4      | Reached skill level 5 in Maces & Flails
  2238 | D:4      | Reached skill level 5 in Shields
  2238 | D:4      | Reached XP level 6. HP: 15/53 MP: 5/5
  2245 | D:4      | Killed Sigmund
  2245 | D:4      | Reached skill level 5 in Armour
  2347 | D:4      | Noticed Menkaure
  2363 | D:4      | Killed Menkaure
  2363 | D:4      | Reached skill level 5 in Fighting
  2363 | D:4      | Reached XP level 7. HP: 7/61 MP: 6/6
  2917 | D:5      | Entered Level 5 of the Dungeon
  3494 | D:5      | Found a staircase to the Ecumenical Temple.
  3496 | D:5      | Reached XP level 8. HP: 69/69 MP: 7/7
  3571 | Temple   | Entered the Ecumenical Temple
  3634 | Temple   | Became a worshipper of Trog the Wrathful
  4112 | D:6      | Found a shadowy altar of Dithmenos.
  4114 | D:6      | Found Zin's Purification Station.
  4119 | D:6      | Found a glowing silver altar of Zin.
  4407 | D:6      | Reached * piety under Trog
  4674 | D:6      | Reached XP level 9. HP: 75/75 MP: 8/8
  5641 | D:7      | You fall through a shaft!
  5705 | D:8      | Reached ** piety under Trog
  5828 | D:8      | Reached skill level 10 in Maces & Flails
  5907 | D:8      | Found an iron altar of Okawaru.
  6025 | D:8      | Found a deep blue altar of Sif Muna.
  6081 | D:8      | Noticed Erica
  6100 | D:8      | Killed Erica
  6100 | D:8      | Reached skill level 10 in Shields
  6100 | D:8      | Reached XP level 10. HP: 36/88 MP: 9/9
  6317 | D:9      | Found a shimmering altar of Xom.
  6326 | D:9      | Found a blossoming altar of Fedhas.
  6326 | D:9      | Found a basalt altar of Yredelemnul.
  6350 | D:10     | Entered Level 10 of the Dungeon
  6350 | D:10     | Found a runed gate.
  6350 | D:10     | Found a runed gate.
  6504 | D:10     | Found Feorrem's Book Boutique.
  6618 | D:10     | You fall through a shaft!
  6723 | D:11     | Noticed Harold
  6736 | D:11     | Killed Harold
  6792 | D:11     | Noticed a seven-headed hydra
  7078 | D:12     | Reached *** piety under Trog
  7148 | D:12     | Got a smoking ring mail
  7159 | D:12     | Identified the cursed +1 ring mail of Duty {MR++} (You found it on level 12 of the Dungeon)
  7284 | D:12     | Found a flagged portal.
  7329 | D:12     | Noticed a two-headed ogre
  7339 | D:12     | Killed a two-headed ogre
  7339 | D:12     | Reached skill level 1 in Evocations
  7416 | D:12     | Reached XP level 11. HP: 97/97 MP: 10/10
  7794 | D:13     | Noticed a death knight
  7795 | D:13     | Noticed Snorg
  7796 | D:13     | Noticed a death knight
  7798 | D:13     | Noticed a death knight
  7804 | D:13     | Noticed Kiarafiw's ghost (journeyman MiBe)
  7820 | D:12     | Reached **** piety under Trog
  7892 | D:12     | Killed Snorg
  7940 | D:13     | Found a transporter.
  8036 | D:13     | Found a portal to a secret trove of treasure.
  8317 | D:13     | HP: 2/99 [large slime creature (16)]
  8318 | D:13     | Demolished by a large slime creature

Skill      XL: |  1  2  3  4  5  6  7  8  9 10 11 |
---------------+----------------------------------+-----
Fighting       | 4 5 6 7 9 |  9.9
Armour         | 4 5 6 7 8 9 |  9.7
Shields        | 4 5 6 8 10 11 12 | 12.1
Maces & Flails | 3 4 5 6 7 8 10 12 | 12.8
Evocations     | 1 |  1.0

Action                   |  1- 3 |  4- 6 |  7- 9 | 10-12 || total
-------------------------+-------+-------+-------+-------++-------
Melee: Flail             |    68 |   133 |   466 |   382 ||  1049
       Headbutt          |    10 |    24 |   104 |    78 ||   216
       Unarmed           |    11 |     3 |       |       ||    14
Invok: Berserk           |       |       |     1 |     6 ||     7
       Trog's Hand       |       |       |       |     2 ||     2
Evoke: Wand              |       |       |       |     4 ||     4
  Use: Potion            |       |     1 |       |       ||     1
       Scroll            |       |       |     5 |     4 ||     9
  Eat: Chunk             |       |     5 |    13 |     6 ||    24
       Ration            |       |       |       |     2 ||     2
Armor: Scale mail        |    27 |    86 |   215 |    33 ||   361
       Skin              |     1 |       |       |       ||     1
       Ring mail         |       |       |       |    81 ||    81
       Plate armour      |       |       |       |     8 ||     8
Dodge: Dodged            |    30 |    69 |   114 |   113 ||   326
Block: Shield            |    30 |    84 |   277 |   231 ||   622
